 Dungeon Crawl Stone Soup version 0.18-a0-1353-gf2a912f (webtiles) character file.

198 Oddball22 the Slasher (level 5, -4/36 HPs)
             Began as a High Elf Skald on Feb 19, 2016.
             Was a Believer of Qazlal.
             Slain by an ogre
             ... wielding a +0 giant spiked club
              (17 damage)
             ... on level 4 of the Dungeon.
             The game lasted 00:09:21 (3861 turns).

Oddball22 the Slasher (High Elf Skald)              Turns: 3861, Time: 00:09:21

Health: -4/36      AC:  4    Str: 11    XL:     5   Next: 47%
Magic:  1/9        EV: 12    Int: 16    God:    Qazlal [**....]
Gold:   78         SH:  2    Dex: 15    Spells: 3 memorised, 3 levels left

rFire  . . .     SeeInvis .     a - +1 falchion
rCold  . . .     Gourm    .     b - +0 leather armour
rNeg   . . .     Faith    .     (no shield)
rPois  .         Spirit   .     v - +0 helmet
rElec  .         Dismiss  .     (no cloak)
rCorr  .         Reflect  .     (no gloves)
SustAt .         Harm     .     (no boots)
MR     .....                    (no amulet)
Stlth  +.........               (no ring)
                                (no ring)

@: infused, very slightly contaminated, not resistant to hostile enchantments,
very unstealthy
A: no striking features
a: Upheaval, Renounce Religion


You were on level 4 of the Dungeon.
You worshipped Qazlal.
Qazlal was pleased with you.
You were not hungry.

You visited 1 branch of the dungeon, and saw 4 of its levels.

You collected 78 gold pieces.

Inventory:

Hand Weapons
 a - a +1 falchion (weapon)
Missiles
 f - 26 bolts
Armour
 b - a +0 leather armour (worn)
 v - a +0 helmet (worn)
Scrolls
 e - a scroll of fog {unknown}
 h - 2 scrolls of identify
 j - a scroll of teleportation {unknown}
 k - 2 scrolls of enchant weapon
 l - a scroll of blinking {unknown}
 s - a scroll of magic mapping {unknown}
Potions
 i - a potion of flight
 o - a potion of cancellation {unknown}
 q - 2 potions of berserk rage {unknown}
 r - a potion of beneficial mutation {unknown}
 t - a potion of resistance {unknown}
 u - a potion of lignification {unknown}
 w - a potion of heal wounds
Books
 c - a book of Battle

   Spells                             Type                      Level
   a - Infusion                       Charms                       1
   b - Shroud of Golubria             Charms/Translocation         2
   c - Song of Slaying                Charms                       2
   d - Spectral Weapon                Hexes/Charms                 3
   e - Regeneration                   Charms/Necromancy            3
Comestibles
 d - 3 bread rations
 g - a beef jerky
 m - 6 chunks of flesh
 n - a meat ration
 p - a slice of pizza


   Skills:
 + Level 3.2 Fighting
 * Level 4.6 Long Blades
 - Level 0.8 Armour
 + Level 2.6 Dodging
 - Level 2.4 Spellcasting
 - Level 3.6 Charms
 + Level 2.3 Invocations


You had 3 spell levels left.
You knew the following spells:

 Your Spells              Type           Power        Failure   Level  Hunger
a - Infusion              Chrm           ##..         8%          1    #......
b - Song of Slaying       Chrm           ##......     12%         2    ###....
c - Shroud of Golubria    Chrm/Tloc      #.........   21%         2    ###....


Dungeon Overview and Level Annotations

Branches:
Dungeon (4/15)
 Temple: D:4-7

Altars:
Cheibriados
Pakellas
Qazlal
Sif Muna
Vehumet
Zin


Message History

The air around you crackles with energy!
The ogre closely misses you.
Casting: Shroud of Golubria
Confirm with . or Enter, or press ? or * to list all spells.
Space distorts slightly along a thin shroud covering your body.
You hit the ogre.
The ogre is lightly wounded.
The ogre closely misses you.
You hit the ogre!
The ogre is moderately wounded.
Your shroud bends the ogre's attack away!!
You barely miss the ogre.
The ogre is moderately wounded.
The ogre closely misses you.
You hit the ogre.
The ogre is heavily wounded.
You slash the ogre!
The ogre is almost dead.
The ogre hits you with a giant spiked club!
You die...

##.......<...
##.)..........
#.............
##.............
#..............
#......(.....
#..ยง........
####.O@.......
####.............
########................
..##............###.....
..........####### ##...
.....###### .# ....## .
....# ...##


You could see an ogre.

Vanquished Creatures
  Jessica (D:3)
  Robin (D:4)
  7 adders
  2 oozes
  3 worms (D:2)
  5 giant cockroaches
  8 hobgoblins
  4 jackals (D:2)
  8 kobolds
  A quokka (D:2)
  8 bats
  5 giant newts
  20 goblins
  11 rats
84 creatures vanquished.

Notes
Turn   | Place    | Note
--------------------------------------------------------------
     0 | D:1      | Oddball22 the High Elf Skald began the quest for the Orb.
     0 | D:1      | Reached XP level 1. HP: 14/14 MP: 4/4
   361 | D:1      | Reached XP level 2. HP: 14/19 MP: 6/6
   802 | D:1      | Learned a level 2 spell: Song of Slaying
   805 | D:1      | Learned a level 2 spell: Shroud of Golubria
  1039 | D:2      | Found a deep blue altar of Sif Muna.
  1041 | D:2      | Found an oddly glowing altar of Pakellas.
  1041 | D:2      | Found a glowing silver altar of Zin.
  1042 | D:2      | Found a radiant altar of Vehumet.
  1044 | D:2      | Found a stormy altar of Qazlal.
  1055 | D:2      | Became a worshipper of Qazlal Stormbringer
  1213 | D:2      | Reached XP level 3. HP: 18/25 MP: 7/7
  1776 | D:2      | Reached skill level 1 in Invocations
  1783 | D:2      | Reached XP level 4. HP: 4/30 MP: 0/8
  1936 | D:2      | Reached * piety under Qazlal
  2168 | D:2      | Reached skill level 4 in Long Blades
  2926 | D:3      | Found a snail-covered altar of Cheibriados.
  3033 | D:3      | Reached XP level 5. HP: 32/36 MP: 5/9
  3262 | D:3      | Noticed Jessica
  3275 | D:3      | Killed Jessica
  3762 | D:4      | Reached ** piety under Qazlal
  3764 | D:4      | Noticed Robin
  3778 | D:4      | Killed Robin
  3846 | D:4      | Noticed an ogre
  3861 | D:4      | Slain by an ogre

Vault maps used:
D:1:      mrwooster_arrival_statue_3
D:2:      grunt_temple_overflow_open, first_bread
D:3:      nicolae_overflow_hidden_temple, solitary_fountain,
          kennysheep_generic_room_9, uniq_jessica
D:4:      serial_shops, shop, minmay_misc_feat_chi, patterned_corridor,
          uniq_grinder, uniq_robin

Action                   |  1- 3 |  4- 6 || total
-------------------------+-------+-------++-------
Melee: Falchion          |   118 |   150 ||   268
 Cast: Infusion          |     7 |     9 ||    16
       Shroud of Golubri |     1 |     6 ||     7
       Song of Slaying   |     1 |     1 ||     2
  Use: Potion            |       |     3 ||     3
       Scroll            |       |     2 ||     2
  Eat: Chunk             |     3 |     7 ||    10
